Demolitions vs Atomiques

Created - February 15, 2020 at 19:13

Goals
1 2 3 T
Demolitions 1 1 0 2
Atomiques 4 1 0 5
Shots
1 2 3 T
Demolitions 7 13 3 23
Atomiques 14 8 9 31

1st period

1. Atomiques , Michael Chaput 20 (Travis Sanheim 27, Jacob De La Rose 4) at 1:01
2. Atomiques , Nicolas Aube-Kubel 5 (Michael Chaput 19) at 2:19
3. Atomiques , Bobby Farnham 4 (Dalton Smith 1, Anthony Nigro 6) at 10:49
4. Atomiques , Michael Chaput 21 (Nicolas Aube-Kubel 5, Carl Dahlstrom 1) at 12:14
5. Demolitions , Joshua Leivo 14 (J.T. Brown 24, Ryan Pulock 13) at 14:57

Penalties :
Phil McRae (Vic) for Holding (Minor) at 5:23, Nikita Tryamkin (Vic) for Hooking (Minor) at 12:27, Spencer Machacek (Vic) for Hooking (Minor) at 15:31

2nd period

6. Atomiques , Michael Chaput 22 (Colby Cohen 14, Jacob De La Rose 5) at 8:31
7. Demolitions , Lane MacDermid 18 (Spencer Machacek 46, Daultan Leveillé 38) at 10:30 (PP)

Penalties :
Carl Dahlstrom (STB) for Holding (Minor) at 2:46, Colby Cohen (STB) for Holding (Minor) at 10:25, Nick Pryor (Vic) for Roughing (Minor) at 11:57, Colby Cohen (STB) for High sticking (Minor) at 16:39

3rd period

No Goal

Penalties :
Phil McRae (Vic) for Hooking (Minor) at 2:33, Tommy Vannelli (Vic) for Hooking (Minor) at 10:44, Nick Pryor (Vic) for Cross-checking (Minor) at 17:20

Goalie Stats

Alex Stalock (Vic), 3 saves from 7 shots - (0.429), L, 9-3-1, 12:14 minutes
Antti Raanta (Vic), 23 saves from 24 shots - (0.958), 47:46 minutes
Connor Hellebyuk (STB), 21 saves from 23 shots - (0.913), W, 19-11-3, 60:00 minutes

Players Stats for Demolitions

Player Name              G  A  P  +/- PIM S  H  SB GA TA FO     MP     PP MP  PK MP  
------------------------------------------------------------------------------------
Aaron Palushaj           0  0  0   0  0   0  0  0  0  0  0/0     0:09   0:09   0:00 
Alex Hutchings           0  0  0   0  0   0  0  0  0  0  0/0     2:31   0:00   2:05 
Christoph Bertschy       0  0  0   0  0   0  1  0  0  0  1/3    10:40   0:00   0:50 
Colton Sceviour          0  0  0   0  0   0  0  0  0  0  0/0     0:00   0:00   0:00 
Daultan Leveillé         0  1  1  -1  0   4  2  0  1  1  16/32  22:34   2:22   7:07 
Dennis Everberg          0  0  0  -2  0   0  1  0  1  0  0/0    17:24   1:41   4:18 
J.T. Brown               0  1  1   0  0   5  2  1  0  0  0/0     9:50   0:00   0:00 
Jake Muzzin              0  0  0  -1  0   0  2  1  0  0  0/0    13:25   1:24   2:59 
Jared Staal              0  0  0   0  0   0  0  0  0  0  0/0     0:09   0:09   0:00 
Joshua Leivo             1  0  1   0  0   1  0  0  0  1  0/0     9:50   0:00   0:00 
Kerby Rychel             0  0  0  -1  0   1  2  0  0  0  0/0     7:18   0:00   0:00 
Lane MacDermid           1  0  1  -1  0   5  0  0  2  0  1/2    19:50   2:13   4:18 
Max Friberg              0  0  0  -1  0   0  0  0  0  1  0/0     7:18   0:00   0:00 
Michael Prapavessis      0  0  0   0  0   0  1  0  0  0  0/0     9:57   0:00   2:17 
Mitch Callahan           0  0  0   0  0   0  0  0  0  0  0/0     0:00   0:00   0:00 
Nick Pryor               0  0  0  -3  4   0  1  0  0  1  0/0    16:31   1:19   0:00 
Nikita Tryamkin          0  0  0  -1  2   0  1  1  1  0  0/0    16:28   1:20   4:23 
Phil Di Giuseppe         0  0  0   0  0   0  0  0  1  0  0/1     3:40   0:00   2:51 
Phil McRae               0  0  0  -2  4   1  0  0  0  0  3/10   12:29   1:41   0:00 
Robert Bortuzzo          0  0  0  -2  0   1  1  1  1  0  0/0    27:51   2:43   7:39 
Ryan Pulock              0  1  1   0  0   0  2  1  0  1  0/0    21:28   1:20   5:47 
Spencer Machacek         0  1  1  -1  2   4  4  0  1  1  2/6    21:34   2:13   6:17 
Taylor Beck              0  0  0  -2  0   1  0  1  1  0  0/0    12:29   1:41   0:00 
Tommy Vannelli           0  0  0  -1  2   0  0  1  0  1  0/0    15:17   0:00   4:41 
Tyler Graovac            0  0  0  -1  0   0  0  0  0  0  2/4     7:18   0:00   0:00 

Players Stats for Atomiques

Player Name              G  A  P  +/- PIM S  H  SB GA TA FO     MP     PP MP  PK MP  
------------------------------------------------------------------------------------
Anthony Nigro            0  1  1   1  0   0  0  0  0  0  1/4     9:18   0:00   0:00 
Bobby Farnham            1  0  1   1  0   2  3  0  0  0  0/1     9:54   0:21   0:00 
Brendan Lemieux          0  0  0  -1  0   0  2  0  0  0  0/0    17:27   6:15   0:00 
Carl Dahlstrom           0  1  1   1  2   0  0  1  0  1  0/0    12:15   0:00   0:00 
Colby Cohen              0  1  1   3  4   1  2  0  0  2  0/0    25:43   8:01   1:17 
Connor Clifton           0  0  0   1  0   0  0  0  0  1  0/0    13:30   0:00   1:13 
Corey Tropp              0  0  0  -1  0   2  2  0  1  0  0/0    19:58   6:16   2:30 
Dalton Smith             0  1  1   1  0   2  1  0  0  0  0/0    10:20   0:20   0:22 
Dwight King              0  0  0   0  0   5  1  0  2  0  1/3    18:58   7:17   0:00 
Eric Mestery             0  0  0   0  0   1  0  0  0  2  0/0    20:47   5:52   1:33 
Jacob De La Rose         0  2  2   4  0   1  0  0  0  0  0/0    10:35   0:00   1:10 
Michael Chaput           3  1  4   4  0   8  3  0  1  1  6/8    16:44   6:16   1:10 
Michael Latta            0  0  0   0  0   2  1  0  0  1  17/29  21:35   7:06   2:28 
Nicolas Aube-Kubel       1  1  2   4  0   1  1  0  1  0  0/0    11:02   0:42   0:26 
Oscar Sundqvist          0  0  0  -1  0   1  0  1  0  0  7/11   11:06   0:00   0:00 
Tom Wilson               0  0  0   0  0   2  0  1  0  0  1/2    18:50   7:06   0:00 
Travis Sanheim           0  1  1   3  0   1  0  0  1  0  0/0    27:05   8:01   2:30 
Wiley Sherman            0  0  0   0  0   2  0  0  1  1  0/0    20:47   5:52   1:33 

3 Stars

1 - Michael Chaput (STB)
2 - Nicolas Aube-Kubel (STB)
3 - Jacob De La Rose (STB)

Power Play

Demolitions - 1 on 3 Attempt(s) - 33.33%
Atomiques - 0 on 7 Attempt(s) - 0.00%

Penalty Kill

Demolitions - 7 on 7 Attempt(s) - 100.00% - Score 0 goal in Penalty Kill
Atomiques - 2 on 3 Attempt(s) - 66.67% - Score 0 goal in Penalty Kill

Team Stat

Demolitions - Hits : 20 - Faceoff Wins : 25 - Blocked Shots : 7 - Penalty Minutes : 14
Atomiques - Hits : 16 - Faceoff Wins : 33 - Blocked Shots : 3 - Penalty Minutes : 6

Official

Referees : Unknown
Linesman : Unknown

Game Notes

Antti Raanta enters game at 12:14 of 1st period
Jake Muzzin is injured at 6:48 of 2nd period (Back)
Michael Chaput has scored a Hat Trick!
Nikita Tryamkin is injured at 15:57 of 3rd period (Right Hip)

Finance

Level 1 -- Attendance: 1304 (65.20%) -- Ticket Income $52,160
Level 2 -- Attendance: 634 (63.40%) -- Ticket Income $12,680
Total Attendance: 1938 (64.60%)
Total Ticket Income: $64,840
Other Income: $3,242
Total Income: $68,082

Demolitions

5 vs 5 Forward 
   Center                   Left Wing                Right Wing               Time % Phy DF OF 
 1 Daultan Leveillé         Lane MacDermid           Spencer Machacek         40     1   2  2  
 2 Phil McRae               Taylor Beck              Dennis Everberg          30     1   2  2  
 3 Christoph Bertschy       Joshua Leivo             J.T. Brown               20     1   2  2  
 4 Tyler Graovac            Kerby Rychel             Max Friberg              10     1   2  2  

5 vs 5 Defense 
   Defense                  Defense                                           Time % Phy DF OF 
 1 Jake Muzzin              Robert Bortuzzo                                   40     1   2  2  
 2 Nikita Tryamkin          Ryan Pulock                                       30     1   2  2  
 3 Nick Pryor               Tommy Vannelli                                    20     1   2  2  
 4 Michael Prapavessis      Jake Muzzin                                       10     1   2  2  

PowerPlay Forward 
   Center                   Left Wing                Right Wing               Time % Phy DF OF 
 1 Daultan Leveillé         Lane MacDermid           Spencer Machacek         60     1   2  2  
 2 Phil McRae               Taylor Beck              Dennis Everberg          40     1   2  2  

PowerPlay Defense
   Defense                  Defense                                           Time % Phy DF OF 
 1 Jake Muzzin              Robert Bortuzzo                                   60     1   2  2  
 2 Nikita Tryamkin          Ryan Pulock                                       40     1   2  2  

Penalty Kill 4 Players Forward 
   Center                   Wing                     Time % Phy DF OF 
 1 Spencer Machacek         Daultan Leveillé         60     1   2  2  
 2 Lane MacDermid           Dennis Everberg          40     1   2  2  

Penalty Kill 4 Players Defense
   Defense                  Defense                  Time % Phy DF OF 
 1 Jake Muzzin              Robert Bortuzzo          60     1   2  2  
 2 Nikita Tryamkin          Ryan Pulock              40     1   2  2  

Penalty Kill - 3 Players Forward 
   Forward                                           Time % Phy DF OF 
 1 Spencer Machacek                                  60     1   2  2  
 2 Daultan Leveillé                                  40     1   2  2  

Penalty Kill - 3 Players Defense
   Defense                  Defense                  Time % Phy DF OF 
 1 Jake Muzzin              Robert Bortuzzo          60     1   2  2  
 2 Nikita Tryamkin          Ryan Pulock              40     1   2  2  

4 vs 4 Forward 
   Center                   Wing                     Time % Phy DF OF 
 1 Spencer Machacek         Daultan Leveillé         60     1   2  2  
 2 Lane MacDermid           Dennis Everberg          40     1   2  2  

4 vs 4 Defense
   Defense                  Defense                  Time % Phy DF OF 
 1 Jake Muzzin              Robert Bortuzzo          60     1   2  2  
 2 Nikita Tryamkin          Ryan Pulock              40     1   2  2  

Last Minutes Offensive
   Center                   Left Wing                Right Wing               Defense                  Defense                  
   Daultan Leveillé         Lane MacDermid           Spencer Machacek         Jake Muzzin              Robert Bortuzzo          

Last Minutes Defensive
   Center                   Left Wing                Right Wing               Defense                  Defense                  
   Daultan Leveillé         Lane MacDermid           Spencer Machacek         Jake Muzzin              Robert Bortuzzo          

Goaltenders
Starting : Alex Stalock             
Backup : Antti Raanta             

Extra Forwards
Normal : Jared Staal, Aaron Palushaj, Phil Di Giuseppe - PP : Jared Staal, Aaron Palushaj - PK : Phil Di Giuseppe
Extra Defensemen
Normal : Nick Pryor, Tommy Vannelli, Michael Prapavessis - PP : Nick Pryor - PK : Tommy Vannelli, Michael Prapavessis
Penalty Shots
Spencer Machacek, Daultan Leveillé, Lane MacDermid, Dennis Everberg, J.T. Brown

Scratches
Thomas DiPauli (Healthy), Andrej Nestrasil (Left Leg Injury), Taylor Aronson (Broken Right Foot Toe Injury), Taylor Leier (Healthy), Jaedon Descheneau (Healthy)
Jake Paterson (Healthy), Francois Tremblay (Healthy), Brandon Halverson (Healthy)

Atomiques

5 vs 5 Forward 
   Center                   Left Wing                Right Wing               Time % Phy DF OF 
 1 Michael Latta            Dwight King              Tom Wilson               40     1   2  2  
 2 Oscar Sundqvist          Brendan Lemieux          Corey Tropp              30     1   2  2  
 3 Michael Chaput           Jacob De La Rose         Nicolas Aube-Kubel       20     1   2  2  
 4 Anthony Nigro            Dalton Smith             Bobby Farnham            10     1   2  2  

5 vs 5 Defense 
   Defense                  Defense                                           Time % Phy DF OF 
 1 Travis Sanheim           Colby Cohen                                       40     1   2  2  
 2 Wiley Sherman            Eric Mestery                                      30     1   2  2  
 3 Carl Dahlstrom           Connor Clifton                                    20     1   2  2  
 4 Travis Sanheim           Colby Cohen                                       10     1   2  2  

PowerPlay Forward 
   Center                   Left Wing                Right Wing               Time % Phy DF OF 
 1 Michael Latta            Dwight King              Tom Wilson               60     1   2  2  
 2 Michael Chaput           Brendan Lemieux          Corey Tropp              40     1   2  2  

PowerPlay Defense
   Defense                  Defense                                           Time % Phy DF OF 
 1 Travis Sanheim           Colby Cohen                                       60     1   2  2  
 2 Wiley Sherman            Eric Mestery                                      40     1   2  2  

Penalty Kill 4 Players Forward 
   Center                   Wing                     Time % Phy DF OF 
 1 Michael Latta            Corey Tropp              60     1   2  2  
 2 Michael Chaput           Jacob De La Rose         40     1   2  2  

Penalty Kill 4 Players Defense
   Defense                  Defense                  Time % Phy DF OF 
 1 Travis Sanheim           Colby Cohen              60     1   2  2  
 2 Wiley Sherman            Eric Mestery             40     1   2  2  

Penalty Kill - 3 Players Forward 
   Forward                                           Time % Phy DF OF 
 1 Michael Latta                                     60     1   2  2  
 2 Jacob De La Rose                                  40     1   2  2  

Penalty Kill - 3 Players Defense
   Defense                  Defense                  Time % Phy DF OF 
 1 Travis Sanheim           Colby Cohen              60     1   2  2  
 2 Wiley Sherman            Eric Mestery             40     1   2  2  

4 vs 4 Forward 
   Center                   Wing                     Time % Phy DF OF 
 1 Michael Latta            Tom Wilson               60     1   2  2  
 2 Oscar Sundqvist          Dwight King              40     1   2  2  

4 vs 4 Defense
   Defense                  Defense                  Time % Phy DF OF 
 1 Travis Sanheim           Colby Cohen              60     1   2  2  
 2 Wiley Sherman            Eric Mestery             40     1   2  2  

Last Minutes Offensive
   Center                   Left Wing                Right Wing               Defense                  Defense                  
   Michael Latta            Dwight King              Tom Wilson               Wiley Sherman            Travis Sanheim           

Last Minutes Defensive
   Center                   Left Wing                Right Wing               Defense                  Defense                  
   Oscar Sundqvist          Jacob De La Rose         Corey Tropp              Wiley Sherman            Colby Cohen              

Goaltenders
Starting : Connor Hellebyuk         
Backup : Thatcher Demko           

Extra Forwards
Normal : Brendan Lemieux, Dwight King, Nicolas Aube-Kubel - PP : Nicolas Aube-Kubel, Tom Wilson - PK : Nicolas Aube-Kubel
Extra Defensemen
Normal : Travis Sanheim, Carl Dahlstrom, Connor Clifton - PP : Travis Sanheim - PK : Colby Cohen, Connor Clifton
Penalty Shots
Tom Wilson, Michael Latta, Dwight King, Corey Tropp, Michael Chaput

Scratches
Mike Halmo (Healthy), Freddie Hamilton (Healthy), Max McCormick (Healthy), Joseph Cramarossa (Healthy), Matt Tennyson (Strained Right Knee Injury)
Axel Holmstrom (Healthy), Keegan Iverson (Healthy), Andrew Hammond (Healthy)

% Time on Ice - Demolitions

Lines # - Real PCT - Wanted PCT - Time Play
Normal Forward
1 - 32% - 40% - 13:31
2 - 27% - 30% - 11:25
3 - 23% - 20% - 9:50
4 - 17% - 10% - 7:18
Normal Defense
1 - 45% - 40% - 18:44
2 - 27% - 30% - 11:33
3 - 13% - 20% - 5:37
4 - 15% - 10% - 6:10
PP Forward
1 - 58% - 60% - 2:22
2 - 42% - 40% - 1:41
PP Defense
1 - 67% - 60% - 2:43
2 - 33% - 40% - 1:20
PK Forward
1 - 69% - 60% - 9:35
2 - 31% - 40% - 4:18
PK Defense
1 - 61% - 60% - 8:25
2 - 39% - 40% - 5:28
PK3 Forward
1 - 0% - 60%
2 - 0% - 40%
PK3 Defense
1 - 0% - 60%
2 - 0% - 40%
44 Forward
1 - 0% - 60%
2 - 0% - 40%
44 Defense
1 - 0% - 60%
2 - 0% - 40%
Last Minute Offensive  - 0:00
Last Minute Defensive  - 0:00
Total
Forward - 60:00
Defense - 60:00

% Time on Ice - Atomiques

Lines # - Real PCT - Wanted PCT - Time Play
Normal Forward
1 - 29% - 40% - 12:08
2 - 27% - 30% - 11:13
3 - 22% - 20% - 9:25
4 - 22% - 10% - 9:18
Normal Defense
1 - 39% - 40% - 16:29
2 - 32% - 30% - 13:22
3 - 28% - 20% - 11:47
4 - 1% - 10% - 0:26
PP Forward
1 - 54% - 60% - 7:32
2 - 46% - 40% - 6:21
PP Defense
1 - 58% - 60% - 8:01
2 - 42% - 40% - 5:52
PK Forward
1 - 71% - 60% - 2:53
2 - 29% - 40% - 1:10
PK Defense
1 - 62% - 60% - 2:30
2 - 38% - 40% - 1:33
PK3 Forward
1 - 0% - 60%
2 - 0% - 40%
PK3 Defense
1 - 0% - 60%
2 - 0% - 40%
44 Forward
1 - 0% - 60%
2 - 0% - 40%
44 Defense
1 - 0% - 60%
2 - 0% - 40%
Last Minute Offensive  - 0:00
Last Minute Defensive  - 0:00
Total
Forward - 60:00
Defense - 60:00

Play-by-Play

1st period


0:01 of 1st period - Daultan Leveillé wins face-off versus Michael Latta in neutral zone.
0:50 of 1st period - Travis Sanheim is hit by Spencer Machacek and loses puck.
1:01 of 1st period - Wrist shot by Michael Chaput.
1:01 of 1st period - Goal by Michael Chaput - Demolitions : 0 - Atomiques : 1.
1:02 of 1st period - Oscar Sundqvist wins face-off versus Phil McRae in neutral zone.
1:04 of 1st period - Off-side.
1:05 of 1st period - Phil McRae wins face-off versus Oscar Sundqvist in neutral zone.
2:19 of 1st period - Snap shot by Nicolas Aube-Kubel.
2:19 of 1st period - Goal by Nicolas Aube-Kubel - Demolitions : 0 - Atomiques : 2.
2:20 of 1st period - Dwight King wins face-off versus Christoph Bertschy in neutral zone.
2:55 of 1st period - Wrist shot by Oscar Sundqvist.
2:55 of 1st period - Shot Misses the Net.
3:11 of 1st period - Nick Pryor is hit by Bobby Farnham and loses puck.
3:40 of 1st period - Eric Mestery is hit by Nikita Tryamkin and loses puck.
4:32 of 1st period - Slapshot by Lane MacDermid.
4:32 of 1st period - Stopped by Connor Hellebyuk without a rebound.
4:33 of 1st period - Daultan Leveillé wins face-off versus Bobby Farnham in Atomiques zone.
4:42 of 1st period - Wrist shot by Lane MacDermid.
4:42 of 1st period - Stopped by Connor Hellebyuk without a rebound.
4:43 of 1st period - Michael Latta wins face-off versus Daultan Leveillé in Atomiques zone.
4:52 of 1st period - Wrist shot by Michael Latta.
4:52 of 1st period - Shot Misses the Net.
4:54 of 1st period - Wrist shot by Tom Wilson.
4:54 of 1st period - Shot Misses the Net.
5:23 of 1st period - Minor Penalty to Phil McRae for Holding.
5:24 of 1st period - Spencer Machacek wins face-off versus Michael Latta in Demolitions zone.
7:23 of 1st period - Penalty to Phil McRae is over, Phil McRae is back on ice.
8:09 of 1st period - Dennis Everberg is hit by Colby Cohen and loses puck.
8:22 of 1st period - Michael Latta is hit by Christoph Bertschy and loses puck.
9:06 of 1st period - Spencer Machacek is hit by Colby Cohen and loses puck.
9:24 of 1st period - Wrist shot by Dalton Smith.
9:24 of 1st period - Shot Misses the Net.
10:13 of 1st period - Dalton Smith is hit by Spencer Machacek and loses puck.
10:47 of 1st period - Snap shot by Dalton Smith.
10:47 of 1st period - Stopped by Alex Stalock with a rebound.
10:49 of 1st period - Wrist shot by Bobby Farnham.
10:49 of 1st period - Goal by Bobby Farnham - Demolitions : 0 - Atomiques : 3.
10:50 of 1st period - Daultan Leveillé wins face-off versus Michael Latta in neutral zone.
10:57 of 1st period - Slapshot by Spencer Machacek.
10:57 of 1st period - Stopped by Connor Hellebyuk with a rebound.
10:59 of 1st period - Snap shot by Spencer Machacek.
10:59 of 1st period - Shot Misses the Net.
11:01 of 1st period - Wrist shot by Daultan Leveillé.
11:01 of 1st period - Stopped by Connor Hellebyuk without a rebound.
11:02 of 1st period - Michael Latta wins face-off versus Daultan Leveillé in Atomiques zone.
11:07 of 1st period - Wrist shot by Michael Latta.
11:07 of 1st period - Deflect By Dwight King.
11:07 of 1st period - Stopped by Alex Stalock with a rebound.
11:17 of 1st period - Wrist shot by Dwight King.
11:17 of 1st period - Stopped by Alex Stalock with a rebound.
12:14 of 1st period - Wrist shot by Michael Chaput.
12:14 of 1st period - Goal by Michael Chaput - Demolitions : 0 - Atomiques : 4.
12:14 of 1st period - Antti Raanta enters game.
12:15 of 1st period - Daultan Leveillé wins face-off versus Michael Latta in neutral zone.
12:27 of 1st period - Minor Penalty to Nikita Tryamkin for Hooking.
12:28 of 1st period - Michael Latta wins face-off versus Spencer Machacek in Demolitions zone.
12:42 of 1st period - Wrist shot by Dwight King.
12:42 of 1st period - Stopped by Antti Raanta with a rebound.
13:23 of 1st period - Daultan Leveillé is hit by Brendan Lemieux and loses puck.
14:27 of 1st period - Penalty to Nikita Tryamkin is over, Nikita Tryamkin is back on ice.
14:41 of 1st period - Slapshot by Dalton Smith.
14:41 of 1st period - Stopped by Antti Raanta with a rebound.
14:55 of 1st period - Snap shot by J.T. Brown.
14:55 of 1st period - Stopped by Connor Hellebyuk with a rebound.
14:57 of 1st period - Wrist shot by Joshua Leivo.
14:57 of 1st period - Goal by Joshua Leivo - Demolitions : 1 - Atomiques : 4.
14:58 of 1st period - Oscar Sundqvist wins face-off versus Daultan Leveillé in neutral zone.
15:01 of 1st period - Wrist shot by Corey Tropp.
15:01 of 1st period - Shot Misses the Net.
15:03 of 1st period - Snap shot by Oscar Sundqvist.
15:03 of 1st period - Stopped by Antti Raanta without a rebound.
15:04 of 1st period - Oscar Sundqvist wins face-off versus Daultan Leveillé in Demolitions zone.
15:09 of 1st period - Slapshot by Corey Tropp.
15:09 of 1st period - Stopped by Antti Raanta without a rebound.
15:10 of 1st period - Daultan Leveillé wins face-off versus Michael Latta in Demolitions zone.
15:31 of 1st period - Minor Penalty to Spencer Machacek for Hooking.
15:32 of 1st period - Tom Wilson wins face-off versus Phil Di Giuseppe in Demolitions zone.
17:11 of 1st period - Brendan Lemieux is hit by Dennis Everberg and loses puck.
17:31 of 1st period - Penalty to Spencer Machacek is over, Spencer Machacek is back on ice.
17:50 of 1st period - Backhand shot by Spencer Machacek.
17:50 of 1st period - Stopped by Connor Hellebyuk with a rebound.
17:53 of 1st period - Icing by Connor Clifton.
17:54 of 1st period - Anthony Nigro wins face-off versus Phil McRae in Atomiques zone.
18:29 of 1st period - Snap shot by J.T. Brown.
18:29 of 1st period - Shot Blocked by Tom Wilson.
18:54 of 1st period - Oscar Sundqvist is hit by Jake Muzzin and loses puck.
19:48 of 1st period - Wrist shot by Dwight King.
19:48 of 1st period - Stopped by Antti Raanta without a rebound.
19:49 of 1st period - Michael Latta wins face-off versus Phil McRae in Demolitions zone.
19:52 of 1st period - Wrist shot by Dwight King.
19:52 of 1st period - Shot Blocked by Taylor Beck.
19:54 of 1st period - Snap shot by Tom Wilson.
19:54 of 1st period - Shot Misses the Net.
19:56 of 1st period - Slapshot by Colby Cohen.
19:56 of 1st period - Stopped by Antti Raanta with a rebound.
19:58 of 1st period - Snap shot by Travis Sanheim.
19:58 of 1st period - Stopped by Antti Raanta with a rebound.
Goals for this period are 1 for Demolitions vs 4 for Atomiques.
Shots for this period are 7 for Demolitions vs 14 for Atomiques.

2nd period


0:01 of 2nd period - Michael Latta wins face-off versus Daultan Leveillé in neutral zone.
0:34 of 2nd period - Travis Sanheim is hit by Jake Muzzin and loses puck.
0:49 of 2nd period - Jacob De La Rose is hit by J.T. Brown and loses puck.
1:10 of 2nd period - Wiley Sherman is hit by Robert Bortuzzo and loses puck.
1:54 of 2nd period - Slapshot by Christoph Bertschy.
1:54 of 2nd period - Deflect By J.T. Brown.
1:54 of 2nd period - Shot Blocked by Oscar Sundqvist.
1:54 of 2nd period - Puck is out of play.
1:55 of 2nd period - Christoph Bertschy wins face-off versus Tom Wilson in Atomiques zone.
1:56 of 2nd period - Snap shot by J.T. Brown.
1:56 of 2nd period - Stopped by Connor Hellebyuk with a rebound.
2:22 of 2nd period - Snap shot by Michael Chaput.
2:22 of 2nd period - Stopped by Antti Raanta without a rebound.
2:23 of 2nd period - Michael Chaput wins face-off versus Daultan Leveillé in Demolitions zone.
2:27 of 2nd period - Icing by Spencer Machacek.
2:28 of 2nd period - Daultan Leveillé wins face-off versus Michael Chaput in Demolitions zone.
2:46 of 2nd period - Minor Penalty to Carl Dahlstrom for Holding.
2:47 of 2nd period - Michael Latta wins face-off versus Daultan Leveillé in Atomiques zone.
2:57 of 2nd period - Slapshot by Spencer Machacek.
2:57 of 2nd period - Stopped by Connor Hellebyuk without a rebound.
2:58 of 2nd period - Daultan Leveillé wins face-off versus Michael Latta in Atomiques zone.
3:05 of 2nd period - Wrist shot by Lane MacDermid.
3:05 of 2nd period - Stopped by Connor Hellebyuk without a rebound.
3:06 of 2nd period - Daultan Leveillé wins face-off versus Michael Latta in Atomiques zone.
4:46 of 2nd period - Penalty to Carl Dahlstrom is over, Carl Dahlstrom is back on ice.
4:59 of 2nd period - Wrist shot by Bobby Farnham.
4:59 of 2nd period - Stopped by Antti Raanta with a rebound.
5:21 of 2nd period - Nick Pryor is hit by Michael Chaput and loses puck.
5:38 of 2nd period - Tommy Vannelli is hit by Dwight King and loses puck.
6:10 of 2nd period - Icing by Dalton Smith.
6:11 of 2nd period - Daultan Leveillé wins face-off versus Anthony Nigro in Atomiques zone.
6:44 of 2nd period - Wrist shot by Michael Chaput.
6:44 of 2nd period - Shot Blocked by Ryan Pulock.
6:46 of 2nd period - Backhand shot by Eric Mestery.
6:46 of 2nd period - Deflect By Michael Chaput.
6:46 of 2nd period - Shot Blocked by J.T. Brown.
6:46 of 2nd period - Puck is out of play.
6:47 of 2nd period - Michael Latta wins face-off versus Phil McRae in Demolitions zone.
6:48 of 2nd period - Wrist shot by Dwight King.
6:48 of 2nd period - Shot Blocked by Jake Muzzin.
6:48 of 2nd period - Jake Muzzin from Demolitions is injured at 6:48 of 2nd period (Back).
6:49 of 2nd period - Michael Latta wins face-off versus Daultan Leveillé in Demolitions zone.
7:14 of 2nd period - Snap shot by Taylor Beck.
7:14 of 2nd period - Stopped by Connor Hellebyuk without a rebound.
7:15 of 2nd period - Phil McRae wins face-off versus Oscar Sundqvist in Atomiques zone.
7:37 of 2nd period - Icing by Ryan Pulock.
7:38 of 2nd period - Michael Latta wins face-off versus Daultan Leveillé in Demolitions zone.
7:53 of 2nd period - Slapshot by Dwight King.
7:53 of 2nd period - Stopped by Antti Raanta with a rebound.
8:27 of 2nd period - Wrist shot by Michael Chaput.
8:27 of 2nd period - Stopped by Antti Raanta with a rebound.
8:31 of 2nd period - Wrist shot by Michael Chaput.
8:31 of 2nd period - Goal by Michael Chaput - Demolitions : 1 - Atomiques : 5.
8:32 of 2nd period - Michael Latta wins face-off versus Daultan Leveillé in neutral zone.
8:57 of 2nd period - Brendan Lemieux is hit by Nick Pryor and loses puck.
9:06 of 2nd period - Off-side.
9:07 of 2nd period - Daultan Leveillé wins face-off versus Dwight King in neutral zone.
9:10 of 2nd period - Wrist shot by Spencer Machacek.
9:10 of 2nd period - Stopped by Connor Hellebyuk with a rebound.
9:12 of 2nd period - Snap shot by Daultan Leveillé.
9:12 of 2nd period - Stopped by Connor Hellebyuk with a rebound.
9:14 of 2nd period - Snap shot by Ryan Pulock.
9:14 of 2nd period - Shot Misses the Net.
9:16 of 2nd period - Snap shot by Ryan Pulock.
9:16 of 2nd period - Shot Misses the Net.
9:18 of 2nd period - Wrist shot by Daultan Leveillé.
9:18 of 2nd period - Stopped by Connor Hellebyuk with a rebound.
9:20 of 2nd period - Slapshot by Daultan Leveillé.
9:20 of 2nd period - Stopped by Connor Hellebyuk with a rebound.
9:22 of 2nd period - Slapshot by Daultan Leveillé.
9:22 of 2nd period - Deflect By Lane MacDermid.
9:22 of 2nd period - Stopped by Connor Hellebyuk with a rebound.
9:38 of 2nd period - Snap shot by Travis Sanheim.
9:38 of 2nd period - Deflect By Corey Tropp.
9:38 of 2nd period - Stopped by Antti Raanta without a rebound.
9:39 of 2nd period - Daultan Leveillé wins face-off versus Oscar Sundqvist in Demolitions zone.
9:39 of 2nd period - Daultan Leveillé is hit by Brendan Lemieux.
9:42 of 2nd period - Icing by Lane MacDermid.
9:43 of 2nd period - Daultan Leveillé wins face-off versus Oscar Sundqvist in Demolitions zone.
10:14 of 2nd period - Backhand shot by Phil McRae.
10:14 of 2nd period - Stopped by Connor Hellebyuk without a rebound.
10:15 of 2nd period - Michael Latta wins face-off versus Phil McRae in Atomiques zone.
10:25 of 2nd period - Minor Penalty to Colby Cohen for Holding.
10:26 of 2nd period - Daultan Leveillé wins face-off versus Michael Latta in Atomiques zone.
10:30 of 2nd period - Wrist shot by Lane MacDermid.
10:30 of 2nd period - Goal by Lane MacDermid - Demolitions : 2 - Atomiques : 5.
10:31 of 2nd period - Daultan Leveillé wins face-off versus Michael Latta in neutral zone.
10:44 of 2nd period - Wrist shot by Michael Latta.
10:44 of 2nd period - Stopped by Antti Raanta with a rebound.
11:26 of 2nd period - Wrist shot by J.T. Brown.
11:26 of 2nd period - Stopped by Connor Hellebyuk with a rebound.
11:35 of 2nd period - Off-side.
11:36 of 2nd period - Tyler Graovac wins face-off versus Anthony Nigro in neutral zone.
11:51 of 2nd period - Snap shot by Dalton Smith.
11:51 of 2nd period - Shot Blocked by Robert Bortuzzo.
11:57 of 2nd period - Minor Penalty to Nick Pryor for Roughing.
11:58 of 2nd period - Spencer Machacek wins face-off versus Michael Latta in Demolitions zone.
12:27 of 2nd period - Wrist shot by Colby Cohen.
12:27 of 2nd period - Deflect By Michael Chaput.
12:27 of 2nd period - Shot Misses the Net.
12:27 of 2nd period - Puck is out of play.
12:28 of 2nd period - Michael Latta wins face-off versus Lane MacDermid in Demolitions zone.
12:52 of 2nd period - Lane MacDermid is hit by Michael Chaput and loses puck.
13:57 of 2nd period - Penalty to Nick Pryor is over, Nick Pryor is back on ice.
14:53 of 2nd period - Icing by Oscar Sundqvist.
14:54 of 2nd period - Oscar Sundqvist wins face-off versus Tyler Graovac in Atomiques zone.
15:54 of 2nd period - Snap shot by Michael Chaput.
15:54 of 2nd period - Stopped by Antti Raanta with a rebound.
15:56 of 2nd period - Snap shot by Nicolas Aube-Kubel.
15:56 of 2nd period - Deflect By Michael Chaput.
15:56 of 2nd period - Shot Misses the Net.
15:56 of 2nd period - Puck is out of play.
15:57 of 2nd period - Daultan Leveillé wins face-off versus Michael Chaput in Demolitions zone.
16:24 of 2nd period - Tom Wilson is hit by J.T. Brown and loses puck.
16:39 of 2nd period - Minor Penalty to Colby Cohen for High sticking.
16:40 of 2nd period - Michael Latta wins face-off versus Daultan Leveillé in Atomiques zone.
17:19 of 2nd period - Slapshot by Robert Bortuzzo.
17:19 of 2nd period - Stopped by Connor Hellebyuk without a rebound.
17:20 of 2nd period - Michael Chaput wins face-off versus Phil McRae in Atomiques zone.
18:39 of 2nd period - Penalty to Colby Cohen is over, Colby Cohen is back on ice.
19:25 of 2nd period - Tyler Graovac is hit by Corey Tropp and loses puck.
Goals for this period are 1 for Demolitions vs 1 for Atomiques.
Shots for this period are 13 for Demolitions vs 8 for Atomiques.

3rd period


0:01 of 3rd period - Daultan Leveillé wins face-off versus Michael Latta in neutral zone.
0:11 of 3rd period - Snap shot by Michael Latta.
0:11 of 3rd period - Stopped by Antti Raanta with a rebound.
0:27 of 3rd period - Taylor Beck is hit by Michael Chaput and loses puck.
0:47 of 3rd period - Icing by Jacob De La Rose.
0:48 of 3rd period - Michael Chaput wins face-off versus Christoph Bertschy in Atomiques zone.
1:38 of 3rd period - Wrist shot by Phil McRae.
1:38 of 3rd period - Shot Misses the Net.
2:06 of 3rd period - Wrist shot by J.T. Brown.
2:06 of 3rd period - Stopped by Connor Hellebyuk with a rebound.
2:08 of 3rd period - Wrist shot by Christoph Bertschy.
2:08 of 3rd period - Deflect By J.T. Brown.
2:08 of 3rd period - Shot Misses the Net.
2:08 of 3rd period - Puck is out of play.
2:09 of 3rd period - Michael Latta wins face-off versus Daultan Leveillé in Atomiques zone.
2:09 of 3rd period - Michael Latta is hit by Spencer Machacek.
2:33 of 3rd period - Minor Penalty to Phil McRae for Hooking.
2:34 of 3rd period - Michael Latta wins face-off versus Spencer Machacek in Demolitions zone.
4:19 of 3rd period - Corey Tropp is hit by Daultan Leveillé and loses puck.
4:33 of 3rd period - Penalty to Phil McRae is over, Phil McRae is back on ice.
4:59 of 3rd period - Nikita Tryamkin is hit by Dalton Smith and loses puck.
5:32 of 3rd period - Taylor Beck is hit by Corey Tropp and loses puck.
5:45 of 3rd period - Bobby Farnham is hit by Kerby Rychel and loses puck.
7:02 of 3rd period - Joshua Leivo is hit by Nicolas Aube-Kubel.
7:19 of 3rd period - Oscar Sundqvist is hit by Daultan Leveillé.
7:42 of 3rd period - Dennis Everberg is hit by Bobby Farnham and loses puck.
8:23 of 3rd period - Icing by Max Friberg.
8:24 of 3rd period - Tyler Graovac wins face-off versus Anthony Nigro in Demolitions zone.
9:23 of 3rd period - Slapshot by J.T. Brown.
9:23 of 3rd period - Stopped by Connor Hellebyuk with a rebound.
9:33 of 3rd period - Wiley Sherman is hit by Ryan Pulock.
10:04 of 3rd period - Slapshot by Spencer Machacek.
10:04 of 3rd period - Shot Hit the Post.
10:18 of 3rd period - Slapshot by Michael Chaput.
10:18 of 3rd period - Deflect By Jacob De La Rose.
10:18 of 3rd period - Stopped by Antti Raanta with a rebound.
10:21 of 3rd period - Icing by Michael Prapavessis.
10:22 of 3rd period - Michael Chaput wins face-off versus Tyler Graovac in Demolitions zone.
10:27 of 3rd period - Slapshot by Wiley Sherman.
10:27 of 3rd period - Shot Misses the Net.
10:37 of 3rd period - Icing by Jacob De La Rose.
10:38 of 3rd period - Michael Chaput wins face-off versus Daultan Leveillé in Atomiques zone.
10:44 of 3rd period - Minor Penalty to Tommy Vannelli for Hooking.
10:45 of 3rd period - Michael Latta wins face-off versus Spencer Machacek in Demolitions zone.
10:59 of 3rd period - Slapshot by Tom Wilson.
10:59 of 3rd period - Stopped by Antti Raanta with a rebound.
11:01 of 3rd period - Slapshot by Tom Wilson.
11:01 of 3rd period - Stopped by Antti Raanta with a rebound.
11:21 of 3rd period - Slapshot by Corey Tropp.
11:21 of 3rd period - Shot Misses the Net.
12:14 of 3rd period - Dwight King is hit by Ryan Pulock and loses puck.
12:31 of 3rd period - Colby Cohen is hit by Michael Prapavessis and loses puck.
12:44 of 3rd period - Penalty to Tommy Vannelli is over, Tommy Vannelli is back on ice.
12:52 of 3rd period - Dennis Everberg is hit by Bobby Farnham and loses puck.
13:41 of 3rd period - Brendan Lemieux is hit by Kerby Rychel and loses puck.
14:31 of 3rd period - Daultan Leveillé is hit by Michael Latta and loses puck.
14:48 of 3rd period - Wrist shot by Kerby Rychel.
14:48 of 3rd period - Stopped by Connor Hellebyuk with a rebound.
15:02 of 3rd period - Wrist shot by Dennis Everberg.
15:02 of 3rd period - Deflect By Phil McRae.
15:02 of 3rd period - Shot Blocked by Carl Dahlstrom.
15:02 of 3rd period - Puck is out of play.
15:03 of 3rd period - Oscar Sundqvist wins face-off versus Phil McRae in Atomiques zone.
15:26 of 3rd period - Wrist shot by Dwight King.
15:26 of 3rd period - Shot Misses the Net.
15:42 of 3rd period - Snap shot by Wiley Sherman.
15:42 of 3rd period - Stopped by Antti Raanta with a rebound.
15:44 of 3rd period - Snap shot by Michael Chaput.
15:44 of 3rd period - Shot Misses the Net.
15:48 of 3rd period - Snap shot by Michael Chaput.
15:48 of 3rd period - Stopped by Antti Raanta without a rebound.
15:49 of 3rd period - Oscar Sundqvist wins face-off versus Daultan Leveillé in Demolitions zone.
15:55 of 3rd period - Icing by Lane MacDermid.
15:56 of 3rd period - Oscar Sundqvist wins face-off versus Daultan Leveillé in Demolitions zone.
15:57 of 3rd period - Snap shot by Corey Tropp.
15:57 of 3rd period - Deflect By Daultan Leveillé.
15:57 of 3rd period - Shot Blocked by Nikita Tryamkin.
15:57 of 3rd period - Nikita Tryamkin from Demolitions is injured at 15:57 of 3rd period (Right Hip).
15:58 of 3rd period - Lane MacDermid wins face-off versus Dwight King in Demolitions zone.
16:27 of 3rd period - Snap shot by Corey Tropp.
16:27 of 3rd period - Shot Misses the Net.
16:29 of 3rd period - Wrist shot by Wiley Sherman.
16:29 of 3rd period - Stopped by Antti Raanta with a rebound.
16:31 of 3rd period - Snap shot by Corey Tropp.
16:31 of 3rd period - Shot Misses the Net.
16:33 of 3rd period - Slapshot by Eric Mestery.
16:33 of 3rd period - Stopped by Antti Raanta with a rebound.
16:56 of 3rd period - Icing by Nicolas Aube-Kubel.
16:57 of 3rd period - Michael Chaput wins face-off versus Daultan Leveillé in Atomiques zone.
16:57 of 3rd period - Michael Chaput is hit by Spencer Machacek.
17:13 of 3rd period - Wrist shot by Michael Chaput.
17:13 of 3rd period - Shot Misses the Net.
17:17 of 3rd period - Backhand shot by Michael Chaput.
17:17 of 3rd period - Stopped by Antti Raanta without a rebound.
17:18 of 3rd period - Phil McRae wins face-off versus Michael Latta in Demolitions zone.
17:20 of 3rd period - Minor Penalty to Nick Pryor for Cross-checking.
17:21 of 3rd period - Michael Latta wins face-off versus Spencer Machacek in Demolitions zone.
17:23 of 3rd period - Snap shot by Michael Latta.
17:23 of 3rd period - Shot Blocked by Tommy Vannelli.
17:37 of 3rd period - Slapshot by Daultan Leveillé.
17:37 of 3rd period - Shot Misses the Net.
19:20 of 3rd period - Penalty to Nick Pryor is over, Nick Pryor is back on ice.
Goals for this period are 0 for Demolitions vs 0 for Atomiques.
Shots for this period are 3 for Demolitions vs 9 for Atomiques.